 Dungeon Crawl Stone Soup version 0.22-a0-603-gfc1114d (webtiles) character file.

2879 Hebeh the Cleaver (level 9, -2/79 HPs)
             Began as a Minotaur Fighter on July 6, 2018.
             Was a Believer of Trog.
             Killed by nerve-wracking pain
             ... invoked by Menkaure
              (13 damage)
             ... on level 7 of the Dungeon on July 7, 2018.
             The game lasted 00:27:27 (7643 turns).

Hebeh the Cleaver (Minotaur Fighter)                Turns: 7643, Time: 00:27:27

Health: -2/79      AC: 13    Str: 23    XL:     9   Next: 48%
Magic:  9/9        EV:  8    Int:  5    God:    Trog [**....]
Gold:   257        SH: 11    Dex: 11    Spells: 8/8 levels left

rFire    . . .     SeeInvis .   b - +0 hunting sling
rCold    . . .     Gourm    +   c - +0 shield
rNeg     . . .     Faith    .   o - +0 scale mail
rPois    .         Spirit   .   (helmet restricted)
rElec    .         Reflect  .   E - +2 cloak {+Inv}
rCorr    .         Harm     .   (no gloves)
MR       .....                  (no boots)
Stlth    +.........             q - amulet of the gourmand
HPRegen  0.23/turn              i - +2 ring of protection
MPRegen  0.11/turn              j - ring of stealth

@: no status effects
A: retaliatory headbutt, horns 2
a: Berserk, Trog's Hand, Renounce Religion, Evoke Invisibility


You were on level 7 of the Dungeon.
You worshipped Trog.
Trog was pleased with you.
You were not hungry.

You visited 2 branches of the dungeon, and saw 8 of its levels.
You also visited: Sewer.

You collected 257 gold pieces.

Inventory:

Hand Weapons
 a - a +0 broad axe
 b - a +0 hunting sling (weapon)
 G - a +5 blowgun
Missiles
 e - 205 stones
 l - 63 sling bullets (quivered)
 H - 26 poisoned needles
Armour
 c - a +0 shield (worn)
 o - a +0 scale mail (worn)
 E - a +2 cloak of invisibility (worn)
Jewellery
 i - a +2 ring of protection (left hand)
 j - a ring of stealth (right hand)
 q - an amulet of the gourmand (around neck)
 r - an uncursed ring of fire
 t - an uncursed amulet of guardian spirit
Scrolls
 g - a scroll of enchant armour
 k - a scroll of fear
 n - a scroll of identify
 p - 4 scrolls of remove curse
 s - 4 scrolls of teleportation
 u - 7 scrolls of magic mapping
 y - 3 scrolls of fog
Potions
 d - 4 potions of might
 h - 4 potions of heal wounds
 m - 5 potions of agility
 v - 4 potions of lignification {unknown}
 w - a potion of berserk rage {unknown}
 x - a potion of magic {unknown}
 z - 2 potions of brilliance {unknown}
 A - 2 potions of ambrosia {unknown}
 B - 2 potions of haste {unknown}
 C - 2 potions of curing {unknown}
 D - a potion of degeneration {unknown}
Comestibles
 f - 16 rations


   Skills:
 + Level 7.3 Fighting
 * Level 9.4 Axes
 + Level 5.1 Slings
 + Level 7.3 Armour
 + Level 7.2 Shields
 + Level 2.2 Evocations


You had 8 spell levels left.
You didn't know any spells.
Your spell library was empty.

Dungeon Overview and Level Annotations

Branches:
Dungeon (7/15)             Temple (1/1) D:4

Altars:
Ashenzari
Cheibriados
Dithmenos
Elyvilon
Fedhas
Gozag
Kikubaaqudgha
Makhleb
Nemelex Xobeh
Okawaru
Qazlal
Ru
Sif Muna
Trog
Uskayaw
Vehumet
Wu Jian
Xom
Yredelemnul
The Shining One

Shops:
D:6 [

Annotations:
D:7 Menkaure


Innate Abilities, Weirdness & Mutations

You reflexively headbutt those who attack you in melee.
You have a pair of horns on your head.


Message History

You shoot a sling bullet. The sling bullet hits Menkaure.
Menkaure is heavily damaged.
Menkaure calls on the powers of darkness!
Your body is wracked with pain!
You are too injured to fight recklessly!
You are too injured to fight recklessly!
Menkaure casts a spell at you.
You struggle to resist.
Menkaure calls on the powers of darkness!
Your body is wracked with pain!
* * * LOW HITPOINT WARNING * * *
Menkaure gestures at you while chanting.
You struggle to resist.
Menkaure calls on the powers of darkness!
Your body is wracked with pain!
* * * LOW HITPOINT WARNING * * *
There is a stone staircase leading up here.
Menkaure points at you and mumbles some strange words.
Pain shoots through your body!
You die...

# #+# #.# #.# ##.##
########...##
......#.....#######
#####......M...<@.#
## #####.#########
.# #..#...###.. .#
#....P....._ .#
#.##...###. .#
###.###### ##
#.......# #
#.#.###M# #.#.# .#


You could see Menkaure.

Vanquished Creatures
  Grinder (D:3)
  2 hogs (D:7)
  The ghost of Hebeh the Covered, an amateur MiFi of Trog (D:4)
  A human (D:7)
  2 yaks (D:7)
  A hungry ghost (D:7)
  An orc warrior (D:7)
  2 phantoms
  2 centaurs
  4 bullfrogs
  2 scorpions (D:4)
  A crimson imp (D:7)
  A bullfrog zombie (D:5)
  A jelly (D:5)
  An orc priest (D:4)
  2 hounds
  2 bullfrog skeletons (D:4)
  Crazy Yiuf (D:3)
  A centaur skeleton (D:4)
  An orc wizard (D:4)
  An iguana (D:5)
  8 worker ants
  A hound skeleton (D:4)
  16 adders
  6 river rats (Sewer)
  A shadow imp (D:5)
  3 oozes
  2 adder skeletons
  5 worms
  A dart slug (D:3)
  6 leopard geckos
  11 orcs
  8 ball pythons (Sewer)
  9 bats
  4 giant cockroaches
  4 goblins
  6 hobgoblins
  12 jackals
  4 quokkas
  12 frilled lizards
  9 kobolds
  A leopard gecko skeleton (D:6)
  A leopard gecko zombie (D:6)
  25 rats
186 creatures vanquished.

Notes
Turn   | Place    | Note
-------+----------+-------------------------------------------
     0 | D:1      | Hebeh the Minotaur Fighter began the quest for the Orb.
     0 | D:1      | Reached XP level 1. HP: 19/19 MP: 0/0
    71 | D:1      | Reached XP level 2. HP: 27/27 MP: 1/1
   264 | D:1      | Reached skill level 3 in Axes
   558 | D:2      | Found an ancient bone altar of Kikubaaqudgha.
   559 | D:2      | Reached XP level 3. HP: 33/33 MP: 2/2
   722 | D:2      | Found a faded altar of an unknown god.
  1678 | D:2      | Upgraded the game from 0.22-a0-601-gb0ed703 to 0.22-a0-603-gfc1114d
  1936 | D:3      | Reached XP level 4. HP: 40/40 MP: 3/3
  2015 | D:3      | Found an ornate altar of the Wu Jian Council.
  2060 | D:3      | Reached skill level 4 in Axes
  2222 | D:3      | Found a glowing drain.
  2231 | Sewer    | Entered a sewer
  2257 | Sewer    | Reached skill level 1 in Slings
  2319 | Sewer    | Reached XP level 5. HP: 39/47 MP: 2/4
  2765 | Sewer    | Reached skill level 5 in Axes
  2765 | Sewer    | Reached XP level 6. HP: 15/53 MP: 0/5
  3058 | D:3      | Reached skill level 5 in Armour
  3217 | D:3      | Found a shattered altar of Ashenzari.
  3221 | D:3      | Found an iron altar of Okawaru.
  3226 | D:3      | Found a sacrificial altar of Ru.
  3275 | D:3      | Found a runed door.
  3352 | D:3      | Noticed Grinder
  3362 | D:3      | Paralysed by Grinder for 2 turns
  3371 | D:3      | Killed Grinder
  3371 | D:3      | Reached skill level 5 in Fighting
  3371 | D:3      | Reached skill level 6 in Axes
  3371 | D:3      | Reached skill level 5 in Shields
  3371 | D:3      | Reached XP level 7. HP: 29/61 MP: 2/6
  3777 | D:3      | Noticed Crazy Yiuf
  3780 | D:3      | Killed Crazy Yiuf
  3854 | D:4      | Found a staircase to the Ecumenical Temple.
  3864 | Temple   | Entered the Ecumenical Temple
  3871 | Temple   | Became a worshipper of Trog the Wrathful
  4226 | D:4      | Found a runed gate.
  4226 | D:4      | Found a runed gate.
  4231 | D:4      | Found a runed gate.
  4231 | D:4      | Noticed Hebeh's ghost (amateur MiFi)
  4282 | D:4      | Reached skill level 7 in Axes
  4473 | D:4      | Reached XP level 8. HP: 59/70 MP: 4/7
  4492 | D:4      | Reached * piety under Trog
  4777 | D:4      | Killed Hebeh's ghost
  5014 | D:5      | Entered Level 5 of the Dungeon
  5216 | D:5      | Found a radiant altar of Vehumet.
  5219 | D:5      | Found a sparkling altar of Nemelex Xobeh.
  5222 | D:5      | Found a hide-covered altar of Uskayaw.
  5714 | D:5      | Reached skill level 8 in Axes
  6103 | D:6      | Found Luneam Xiqi's Antique Armour Shoppe.
  6108 | D:6      | Found a glowing golden altar of the Shining One.
  6116 | D:6      | Found a blossoming altar of Fedhas.
  6277 | D:6      | Found an opulent altar of Gozag.
  6309 | D:6      | Reached ** piety under Trog
  6545 | D:6      | Reached skill level 1 in Evocations
  7200 | D:7      | Reached XP level 9. HP: 77/78 MP: 8/8
  7278 | D:7      | HP: 3/78 [yak (3)]
  7282 | D:7      | Reached skill level 9 in Axes
  7285 | D:7      | Reached skill level 5 in Slings
  7614 | D:7      | Found a white marble altar of Elyvilon.
  7621 | D:7      | Noticed Menkaure
  7643 | D:7      | Killed from afar by Menkaure

Vault maps used:
D:1:      dpeg_arrival_pits, minmay_heptomino_h4
D:2:      old_standard_altar, chequers_ecumenical_altar_lobes,
          minmay_misc_feat_five, minivault_5, st_stairs_11,
          roderic_roman_lattice
D:3:      minmay_overflow_temple_star_quad, lemuel_coloured_pillars_altar,
          gup_sewer_entry_bubbles, first_ration, uniq_grinder,
          uniq_crazy_yiuf_cottage
D:4:      minmay_temple_entry_butterflies, gammafunk_ghost_necromancy
D:5:      grunt_temple_overflow_diamond
D:6:      kennysheep_mini, overflow_temple_1_default, grunt_gozag_statues,
          serial_shops, nicolae_shop_trees, minivault_5
D:7:      elyvilon_altar_1, grunt_livestock, minivault_4, uniq_menkaure
Temple:   eino_temple_lava
Sewer:    sewer_minmay_w

Skill      XL: |  1  2  3  4  5  6  7  8  9 |
---------------+----------------------------+-----
Axes           | 3 4 5 6 7 8 9 |  9.4
Fighting       | 4 5 6 7 |  7.3
Shields        | 4 5 6 7 |  7.2
Armour         | 4 5 6 7 |  7.3
Slings         | 1 2 3 4 5 |  5.1
Evocations     | 1 2 |  2.2

Action                   |  1- 3 |  4- 6 |  7- 9 || total
-------------------------+-------+-------+-------++-------
Melee: War axe           |    95 |   189 |   150 ||   434
       Headbutt          |    16 |    21 |    50 ||    87
       Broad axe         |       |       |   111 ||   111
 Fire: Hunting sling     |     1 |       |     3 ||     4
Invok: Berserk           |       |       |     1 ||     1
       Trog's Hand       |       |       |     1 ||     1
  Use: Potion            |       |     2 |     2 ||     4
       Scroll            |       |       |    13 ||    13
  Eat: Chunk             |     1 |     4 |    16 ||    21
       Ration            |     1 |       |     1 ||     2
Armor: Scale mail        |    42 |   141 |    97 ||   280
Dodge: Dodged            |    22 |    68 |    62 ||   152
Block: Shield            |    50 |   142 |   143 ||   335

Table legend:
 A = Spawn XP
 B = Non-spawn XP
 C = Spawn XP percentage of total XP
 D = Spawn monster count
 E = Non-spawn monster count
 F = Spawn count percentage of total count
 G = Total turns spent on level
                    A         B        C        D         E        F      G
               +---------+---------+-------+---------+---------+-------+---------
         Total |       0 |    4114 |   0.0 |       0 |     186 |   0.0 |  7643
               +---------+---------+-------+---------+---------+-------+---------
           D:1 |       0 |      39 |   0.0 |       0 |      20 |   0.0 |   551
           D:2 |       0 |      50 |   0.0 |       0 |      16 |   0.0 |  1217
           D:3 |       0 |     404 |   0.0 |       0 |      28 |   0.0 |  1729
           D:4 |       0 |     916 |   0.0 |       0 |      32 |   0.0 |  1239
           D:5 |       0 |     424 |   0.0 |       0 |      11 |   0.0 |   854
           D:6 |       0 |     479 |   0.0 |       0 |      19 |   0.0 |   844
           D:7 |       0 |    1415 |   0.0 |       0 |      12 |   0.0 |   491
         Sewer |       0 |     387 |   0.0 |       0 |      48 |   0.0 |   703
               +---------+---------+-------+---------+---------+-------+---------
